PCL
SAN JOSE MISSIONS @ DISTRICT 9 PRAWNS
05/05/2024
 
TOP OF THE 1ST
San Jose Missions batting - Pitching for District 9 Prawns : RHP Julián Romero
Pitching: RHP Julián Romero
Batting: RHB Luis Antonio Rosas 0-0: Ball
1-0: Ball
2-0: SINGLE (Groundball, 56D) (infield hit)
Batting: RHB Madidou El Sayed 0-0: Ball
1-0: Called Strike
1-1: Fielders Choice at 2nd, 5-4 (Groundball, 5L)
Batting: LHB Miguel Montés 0-0: Ball
1-0: Foul Ball, location: 2F
1-1: Ball
2-1: Called Strike
2-2: Ball
3-2: Base on Balls
Madidou El Sayed to second
Batting: RHB Armando López 0-0: Called Strike
0-1: Foul Ball, location: 2F
0-2: Ball
1-2: Ball
2-2: Foul Ball, location: 2F
2-2: Foul Ball, location: 2F
2-2: Ball
3-2: Base on Balls
Madidou El Sayed to third
Miguel Montés to second
Batting: LHB John Foster 0-0: Called Strike
0-1: Called Strike
0-2: Strikes out swinging
Batting: RHB Javier Ramírez 0-0: Called Strike
0-1: Ball
1-1: DOUBLE (Line Drive, 5D)
Madidou El Sayed scores
Miguel Montés scores
Armando López to third
Batting: RHB Artie Green 0-0: Called Strike
0-1: Ball
1-1: Foul Ball, location: 2F
1-2: Ball
2-2: SINGLE (Groundball, 34S)
Armando López scores
Javier Ramírez to third
Runner from 3rd tries for Home, SAFE, no throw or cutoff
Batting: RHB Bobby Brewster 0-0: Ball
1-0: Called Strike
1-1: DOUBLE (Line Drive, 89M)
Artie Green to third
Batting: RHB Elliott Rucker 0-0: Fly out, F6 (Line Drive, 6M)
Top of the 1st over - 4 run(s), 4 hit(s), 0 error(s), 2 left on base; San Jose 4 - District 9 0
BOTTOM OF THE 1ST
District 9 Prawns batting - Pitching for San Jose Missions : LHP Ron Seccombe
Pitching: LHP Ron Seccombe
Batting: RHB Lúcio García 0-0: Swinging Strike
0-1: Called Strike
0-2: Ball
1-2: Ball
2-2: SINGLE (Groundball, 4MD)
Batting: LHB Leland Hardy 0-0: Ball
1-0: Called Strike
1-1: SINGLE (Groundball, 4M)
Lúcio García to second
Batting: LHB Enrique Nalasco 0-0: Swinging Strike
0-1: Ball
1-1: Fielders Choice at 2nd, 1-6 (Groundball, 15)
Lúcio García to third
Batting: LHB Ryan Hensley 0-0: Called Strike
0-1: Swinging Strike
0-2: Ball
1-2: Foul Ball, location: 2F
1-2: Ball
2-2: Grounds into double play, U6-3 (Groundball, 6MD)
Bottom of the 1st over - 0 run(s), 2 hit(s), 0 error(s), 1 left on base; San Jose 4 - District 9 0
TOP OF THE 2ND
San Jose Missions batting - Pitching for District 9 Prawns : RHP Julián Romero
Batting: RHB Luis Antonio Rosas 0-0: Ball
1-0: Ball
2-0: Foul Ball, location: 2F
2-1: Foul Ball, location: 2F
2-2: Ball
3-2: Base on Balls
Batting: RHB Madidou El Sayed 0-0: Ball
1-0: TRIPLE (Flyball, 8RXD)
Luis Antonio Rosas scores
Batting: LHB Miguel Montés 0-0: Swinging Strike
0-1: Ball
1-1: Ground out 6-3 (Groundball, 6)
Madidou El Sayed scores
Batting: RHB Armando López 0-0: Ball
1-0: Ground out 6-3 (Groundball, 6M)
Batting: LHB John Foster 0-0: SINGLE (Line Drive, 8RS)
Batting: RHB Javier Ramírez 0-0: Ball
1-0: Called Strike
1-1: Swinging Strike
1-2: Ball
2-2: Ball
3-2: Base on Balls
John Foster to second
Batting: RHB Artie Green 0-0: Ball
1-0: Called Strike
1-1: Fielders Choice at 2nd, U6 (Groundball, 6M)
Top of the 2nd over - 2 run(s), 2 hit(s), 0 error(s), 2 left on base; San Jose 6 - District 9 0
BOTTOM OF THE 2ND
District 9 Prawns batting - Pitching for San Jose Missions : LHP Ron Seccombe
Batting: RHB Mal Snyder 0-0: Called Strike
0-1: SINGLE (Flyball, 8RS)
Batting: LHB Ralph Schultz 0-0: Ball
1-0: Ball
2-0: Called Strike
2-1: TRIPLE (Line Drive, 9LS)
Mal Snyder scores
Batting: SHB Mark Pope 0-0: Foul Ball, location: 2F
0-1: Ball
1-1: Swinging Strike
1-2: Foul Ball, location: 2F
1-2: Ground out 6-3 (Groundball, 6)
Ralph Schultz scores
Batting: RHB Tony Guzmán 0-0: Ball
1-0: Ground out 5-3 (Groundball, 5S)
Batting: RHB Manuel Torres 0-0: Called Strike
0-1: Ball
1-1: Fly out, F9 (Flyball, 9LSF)
Bottom of the 2nd over - 2 run(s), 2 hit(s), 0 error(s), 0 left on base; San Jose 6 - District 9 2
TOP OF THE 3RD
San Jose Missions batting - Pitching for District 9 Prawns : RHP Julián Romero
Batting: RHB Bobby Brewster 0-0: Ball
1-0: Called Strike
1-1: Ball
2-1: DOUBLE (Flyball, 89M)
Batting: RHB Elliott Rucker 0-0: Called Strike
0-1: Ball
1-1: Ball
2-1: 2-RUN HOME RUN (Line Drive, 89XD), Distance : 419 ft
Batting: RHB Luis Antonio Rosas 0-0: Ball
1-0: Ball
2-0: Called Strike
2-1: Fly out, F8 (Flyball, 8RM)
Batting: RHB Madidou El Sayed 0-0: Ball
1-0: Ground out 5-3 (Groundball, 56)
Batting: LHB Miguel Montés 0-0: Ball
1-0: Foul Ball, location: 2F
1-1: Ground out 4-3 (Groundball, 4)
Top of the 3rd over - 2 run(s), 2 hit(s), 0 error(s), 0 left on base; San Jose 8 - District 9 2
BOTTOM OF THE 3RD
District 9 Prawns batting - Pitching for San Jose Missions : LHP Ron Seccombe
Batting: RHB Lúcio García 0-0: Ball
1-0: Foul Ball, location: 2F
1-1: Ball
2-1: Ground out 6-3 (Groundball, 6)
Batting: LHB Leland Hardy 0-0: Ball
1-0: Called Strike
1-1: Ball
2-1: SINGLE (Line Drive, 6MD)
Batting: LHB Enrique Nalasco 0-0: Ball
1-0: Ball
2-0: Called Strike
2-1: Called Strike
2-2: Strikes out swinging
Batting: LHB Ryan Hensley 0-0: Ball
1-0: Ground out 1-3 (Groundball, 15S)
Bottom of the 3rd over - 0 run(s), 1 hit(s), 0 error(s), 1 left on base; San Jose 8 - District 9 2
TOP OF THE 4TH
San Jose Missions batting - Pitching for District 9 Prawns : RHP Julián Romero
Batting: RHB Armando López 0-0: Swinging Strike
0-1: Foul Ball, location: 2F
0-2: Ball
1-2: Ball
2-2: Foul Ball, location: 2F
2-2: Ball
3-2: Foul Ball, location: 2F
3-2: Base on Balls
Batting: LHB John Foster 0-0: Ball
1-0: Foul Ball, location: 2F
1-1: Swinging Strike
1-2: Grounds into double play, 4-6-3 (Groundball, 4)
Batting: RHB Javier Ramírez 0-0: Ball
1-0: Ball
2-0: Ball
3-0: Base on Balls
Batting: RHB Artie Green 0-0: Ball
1-0: Ball
2-0: Foul Ball, location: 2F
2-1: Ball
3-1: Called Strike
3-2: Foul Ball, location: 2F
3-2: Ground out 6-3 (Groundball, 6M)
Top of the 4th over - 0 run(s), 0 hit(s), 0 error(s), 1 left on base; San Jose 8 - District 9 2
BOTTOM OF THE 4TH
District 9 Prawns batting - Pitching for San Jose Missions : LHP Ron Seccombe
Batting: RHB Mal Snyder 0-0: Ground out 5-3 (Groundball, 5S)
Batting: LHB Ralph Schultz 0-0: Called Strike
0-1: Ball
1-1: Foul Ball, location: 2F
1-2: Strikes out swinging
Batting: SHB Mark Pope 0-0: Called Strike
0-1: Called Strike
0-2: Ball
1-2: Ball
2-2: Ball
3-2: Foul Ball, location: 2F
3-2: Base on Balls
Batting: RHB Tony Guzmán 0-0: Swinging Strike
0-1: Called Strike
0-2: Ground out U3 (Groundball, 3L)
Bottom of the 4th over - 0 run(s), 0 hit(s), 0 error(s), 1 left on base; San Jose 8 - District 9 2
TOP OF THE 5TH
San Jose Missions batting - Pitching for District 9 Prawns : RHP Julián Romero
Batting: RHB Bobby Brewster 0-0: Ball
1-0: Fly out, F9 (Flyball, 9M)
Batting: RHB Elliott Rucker 0-0: Called Strike
0-1: Ball
1-1: Foul Ball, location: 2F
1-2: Ball
2-2: Ball
3-2: Fly out, F5 (Popup, 25)
Batting: RHB Luis Antonio Rosas 0-0: Ball
1-0: Swinging Strike
1-1: Foul Ball, location: 2F
1-2: Ground out 4-3 (Groundball, 4)
Top of the 5th over - 0 run(s), 0 hit(s), 0 error(s), 0 left on base; San Jose 8 - District 9 2
BOTTOM OF THE 5TH
District 9 Prawns batting - Pitching for San Jose Missions : LHP Ron Seccombe
Batting: RHB Manuel Torres 0-0: SINGLE (Groundball, 56D)
Batting: RHB Lúcio García 0-0: Ball
1-0: Foul Ball, location: 2F
1-1: Ball
2-1: Ball
3-1: Called Strike
3-2: Fly out, F7 (Flyball, 7LD)
Batting: LHB Leland Hardy 0-0: Ball
1-0: Foul Ball, location: 2F
1-1: Swinging Strike
1-2: Foul Ball, location: 2F
1-2: Ball
2-2: Fielders Choice at 2nd, 5-4 (Groundball, 56)
Batting: LHB Enrique Nalasco 0-0: Fly out, F6 (Popup, 6MD)
Bottom of the 5th over - 0 run(s), 1 hit(s), 0 error(s), 1 left on base; San Jose 8 - District 9 2
TOP OF THE 6TH
San Jose Missions batting - Pitching for District 9 Prawns : RHP Julián Romero
Batting: RHB Madidou El Sayed 0-0: Ball
1-0: Ball
2-0: Called Strike
2-1: SINGLE (Line Drive, 7LS)
Batting: LHB Miguel Montés 0-0: Ball
1-0: Called Strike
1-1: Swinging Strike
1-2: Strikes out swinging
Batting: RHB Armando López 0-0: Called Strike
0-1: Ball
1-1: Called Strike
1-2: Ball
2-2: Grounds into double play, 6-4-3 (Groundball, 6)
Top of the 6th over - 0 run(s), 1 hit(s), 0 error(s), 0 left on base; San Jose 8 - District 9 2
BOTTOM OF THE 6TH
District 9 Prawns batting - Pitching for San Jose Missions : LHP Ron Seccombe
Batting: LHB Ryan Hensley 0-0: Called Strike
0-1: Ball
1-1: Foul Ball, location: 2F
1-2: Ground out 5-3 (Groundball, 5D)
Batting: RHB Mal Snyder 0-0: DOUBLE (Line Drive, 89XD)
Batting: LHB Ralph Schultz 0-0: Fly out, F8 (Flyball, 8LD)
Runner from 2nd tags up, SAFE at 3rd, no throw
Batting: SHB Mark Pope 0-0: Ball
Wild Pitch!
Mal Snyder scores
1-0: SINGLE (Line Drive, 8RS)
Batting: RHB Tony Guzmán 0-0: Ball
1-0: DOUBLE (Line Drive, 89XD)
Mark Pope to third
Runner from 3rd tries for Home, SAFE, throw made home
Batting: RHB Manuel Torres 0-0: Ball
1-0: SINGLE (Line Drive, 7LS)
Tony Guzmán to third
Batting: RHB Lúcio García 0-0: 3-RUN HOME RUN (Line Drive, 7LD), Distance : 383 ft
Batting: LHB Leland Hardy 0-0: Called Strike
0-1: Swinging Strike
0-2: Foul Ball, location: 2F
0-2: DOUBLE (Flyball, 89D)
Pitching: RHP Danny Wheeler
Batting: LHB Enrique Nalasco 0-0: Ball
1-0: Ground out 1-3 (Groundball, 13S)
Bottom of the 6th over - 5 run(s), 6 hit(s), 0 error(s), 1 left on base; San Jose 8 - District 9 7
TOP OF THE 7TH
San Jose Missions batting - Pitching for District 9 Prawns : RHP Julián Romero
Batting: LHB John Foster 0-0: Ball
1-0: Ball
2-0: Ball
3-0: Base on Balls
Batting: RHB Javier Ramírez 0-0: Sac Bunt - play at first, batter OUT! 2-4
John Foster to second
Batting: RHB Artie Green 0-0: Swinging Strike
0-1: Ground out 6-3 (Groundball, 6M)
John Foster to third
Pinch Hitting: RHB Joe Broadhead 0-0: Ball
1-0: Ball
2-0: Foul Ball, location: 2F
2-1: Ball
3-1: Base on Balls
Batting: RHB Elliott Rucker 0-0: Called Strike
0-1: Ball
1-1: Ball
2-1: Ground out 5-3 (Groundball, 56S)
Top of the 7th over - 0 run(s), 0 hit(s), 0 error(s), 2 left on base; San Jose 8 - District 9 7
BOTTOM OF THE 7TH
District 9 Prawns batting - Pitching for San Jose Missions : RHP Danny Wheeler
Now at 2B: Joe Broadhead
Batting: LHB Ryan Hensley 0-0: Swinging Strike
0-1: Foul Ball, location: 2F
0-2: Ball
1-2: Hit by Pitch
Batting: RHB Mal Snyder 0-0: Ball
1-0: Called Strike
1-1: Ball
2-1: Ball
3-1: Called Strike
3-2: Base on Balls
Ryan Hensley to second
Batting: LHB Ralph Schultz 0-0: Foul Ball, location: 2F
0-1: Ball
1-1: Ball
2-1: SINGLE (Groundball, 5D)
Ryan Hensley to third
Mal Snyder to second
Pinch Hitting: LHB Brian Roy 0-0: Ball
1-0: Called Strike
1-1: Foul Ball, location: 2F
1-2: Ball
2-2: SINGLE (Groundball, 56D)
Ryan Hensley scores
Mal Snyder to third
Ralph Schultz to second
Runner from 3rd tries for Home, SAFE, throw made home
Ralph Schultz to third
Brian Roy to second
Pinch Hitting: SHB Tommy Bourassa 0-0: Intentional Walk
Pinch Hitting: RHB Lateef Makini 0-0: SINGLE (Groundball, 3D)
Ralph Schultz scores
Brian Roy to third
Tommy Bourassa to second
Runner from 3rd tries for Home, SAFE, no throw or cutoff
Pitching: RHP Jeff Campbell
Batting: RHB Lúcio García 0-0: Grounds into double play, 6-4-3 (Groundball, 6)
Tommy Bourassa to third
Batting: LHB Leland Hardy 0-0: Called Strike
0-1: Ground out U3 (Groundball, 3S)
Bottom of the 7th over - 4 run(s), 3 hit(s), 0 error(s), 1 left on base; San Jose 8 - District 9 11
TOP OF THE 8TH
San Jose Missions batting - Pitching for District 9 Prawns : RHP Julián Romero
Now at 2B: Phil Jacobs
Now at 3B: Lateef Makini
Batting: RHB Luis Antonio Rosas 0-0: Ground out 6-3 (Groundball, 6)
Batting: RHB Madidou El Sayed 0-0: Ball
1-0: Foul Ball, location: 2F
1-1: Ball
2-1: Ball
3-1: Called Strike
3-2: Foul Ball, location: 2F
3-2: Base on Balls
Batting: LHB Miguel Montés 0-0: Ball
1-0: Ball
2-0: Ball
3-0: Called Strike
3-1: Foul Ball, location: 2F
3-2: Foul Ball, location: 2F
3-2: Fly out, F7 (Flyball, 7M)
Batting: RHB Armando López 0-0: Called Strike
0-1: Hit by Pitch
Madidou El Sayed to second
Batting: LHB John Foster 0-0: Ball
1-0: Ball
2-0: Ball
3-0: Called Strike
3-1: Ground out 4-3 (Groundball, 4)
Top of the 8th over - 0 run(s), 0 hit(s), 0 error(s), 2 left on base; San Jose 8 - District 9 11
BOTTOM OF THE 8TH
District 9 Prawns batting - Pitching for San Jose Missions : RHP Jeff Campbell
Batting: LHB Enrique Nalasco 0-0: Ball
1-0: Ball
2-0: Ball
3-0: Base on Balls
Batting: LHB Ryan Hensley 0-0: Called Strike
0-1: Swinging Strike
0-2: Ball
1-2: Ball
2-2: Foul Ball, location: 2F
2-2: Ball
3-2: Foul Ball, location: 2F
3-2: SINGLE (Flyball, 9LM)
Enrique Nalasco to second
Runner from 2nd tries for 3rd, SAFE, throw made to third
Batting: RHB Mal Snyder 0-0: Foul Ball, location: 2F
0-1: Ball
1-1: Called Strike
1-2: Fly out, F5 (Popup, 25F)
Batting: LHB Ralph Schultz 0-0: Ball
1-0: Called Strike
1-1: Foul Ball, location: 2F
1-2: Fly out, F2 (Popup, 2RF)
Batting: RHB Phil Jacobs 0-0: Called Strike
0-1: Ball
1-1: Ball
2-1: Swinging Strike
2-2: Strikes out swinging
Bottom of the 8th over - 0 run(s), 1 hit(s), 0 error(s), 2 left on base; San Jose 8 - District 9 11
TOP OF THE 9TH
San Jose Missions batting - Pitching for District 9 Prawns : RHP Julián Romero
Batting: RHB Javier Ramírez 0-0: Ball
1-0: Called Strike
1-1: Ball
2-1: SINGLE (Groundball, 34S)
Batting: RHB Artie Green 0-0: Foul Ball, location: 2F
0-1: Fly out, F9 (Flyball, 9M)
Batting: RHB Joe Broadhead 0-0: DOUBLE (Line Drive, 9LM)
Javier Ramírez to third
Pinch Hitting: RHB Jim Brown 0-0: Ball
1-0: Swinging Strike
1-1: Fly out, F8 (Flyball, 8RM)
Runner from 3rd tags up, SCORES, no throw
Batting: RHB Luis Antonio Rosas 0-0: Swinging Strike
0-1: Ground out 2-3 (Groundball, 2L)
Top of the 9th over - 1 run(s), 2 hit(s), 0 error(s), 1 left on base; San Jose 9 - District 9 11
This league is powered by Out of the Park Baseball, the baseball management simulation game for PC, Mac and Linux
Saturday, April 9th, 2016 - OOTP Baseball 16.8 Build 38